 Dungeon Crawl Stone Soup version 0.29-a0-409-gd843f3a48c (webtiles) character file.

Game seed: 6309768260695197742

356 croobank the Grave Robber (level 6, -3/44 HPs)
             Began as a Gnoll Wanderer on May 15, 2022.
             Slain by a gnoll
             ... wielding a +1 flail of holy wrath
              (6 damage)
             ... on level 5 of the Dungeon.
             The game lasted 00:17:36 (5453 turns).

croobank the Grave Robber (Gnoll Wanderer)          Turns: 5453, Time: 00:17:37

Health: -3/44      AC:  6    Str: 11    XL:     6   Next: 63%
Magic:  7/14       EV: 11    Int: 12    God:
Gold:   161        SH:  0    Dex: 15    Spells: 8/15 levels left

rFire   . . .      SeeInvis .   a - +2 dagger (drain)
rCold   . . .      Faith    .   (no shield)
rNeg    . . .      Spirit   .   r - +0 ring mail
rPois   .          Reflect  .   (no helmet)
rElec   .          Harm     .   (no cloak)
rCorr   .          Rampage  .   (no gloves)
Will    .....      Clarity  +   n - +0 pair of boots
Stlth   +.........              (no amulet)
HPRegen 0.14/turn               (no ring)
MPRegen 0.14/turn               (no ring)

@: about to teleport
A: fangs 1, strong nose, distributed training, agile 1, clarity, deterioration
1, mutation resistance 1
a: no special abilities


You were on level 5 of the Dungeon.
You visited 1 branch of the dungeon, and saw 5 of its levels.

You collected 161 gold pieces.

Inventory:

Hand Weapons
 a - a +2 dagger of draining (weapon)
 f - a +0 short sword
 i - a +0 dagger
Missiles
 k - 116 stones (quivered)
Armour
 d - a +0 leather armour
 g - a +0 chain mail
 n - a +0 pair of boots (worn)
 r - a +0 ring mail (worn)
Jewellery
 c - a ring of ice
 l - a +4 ring of evasion
Scrolls
 b - 3 scrolls of teleportation
Potions
 h - a potion of flight {unknown}
 m - 2 potions of mutation
 o - a potion of berserk rage
 p - 2 potions of brilliance {unknown}
Miscellaneous
 e - a tin of tremorstones (2/2)


   Skills:
 + Level 2.0 Fighting
 + Level 2.0 Short Blades
 + Level 2.0 Long Blades
 + Level 2.0 Axes
 + Level 2.0 Maces & Flails
 + Level 2.0 Polearms
 + Level 2.0 Staves
 + Level 2.0 Slings
 + Level 2.0 Bows
 + Level 2.0 Crossbows
 + Level 2.0 Throwing
 + Level 3.3 Armour
 + Level 2.0 Dodging
 + Level 2.0 Stealth
 + Level 2.0 Shields
 + Level 2.0 Unarmed Combat
 + Level 5.4 Spellcasting
 + Level 1.6 Conjurations
 + Level 1.6 Hexes
 + Level 1.6 Summonings
 + Level 7.3 Necromancy
 + Level 1.6 Translocations
 + Level 1.6 Transmutations
 + Level 1.6 Fire Magic
 + Level 1.6 Ice Magic
 + Level 1.6 Air Magic
 + Level 1.6 Earth Magic
 + Level 1.6 Poison Magic
 + Level 2.2 Invocations
 + Level 6.8 Evocations


You had 8 spell levels left.
You knew the following spells:

 Your Spells              Type           Power      Damage    Failure   Level
a - Animate Skeleton      Necr           40%        N/A       2%          1
b - Vampiric Draining     Necr           20%        2d7       6%          3
c - Poisonous Vapours     Pois/Air       14%        N/A       34%         2
d - Slow                  Hex            28%        N/A       22%         1

Your spell library contained the following spells:

 Spells                   Type           Power      Damage    Failure   Level
 Corpse Rot               Necr/Air       28%        N/A       11%         2
 Confusing Touch          Hex            7%         N/A       56%         3


Dungeon Overview and Level Annotations

Branches:
Dungeon (5/15)
 Temple: D:4-7

Altars:
Dithmenos
Nemelex Xobeh

Shops:
D:3 (


Innate Abilities, Weirdness & Mutations

You have very sharp teeth.
Your uncanny sense of smell can sniff out nearby items.
Your experience applies equally to all skills.
You are agile. (Dex +2)
You possess an exceptional clarity of mind.
Your body sometimes deteriorates upon taking damage.
You are somewhat resistant to further mutation.


Message History

The gnoll is moderately wounded.
You barely miss the gnoll. Your punch misses the gnoll.
Your bite misses the gnoll.
The gnoll is moderately wounded.
The gnoll closely misses you. The gnoll barely misses you.
You hit the gnoll but do no damage.
The gnoll is moderately wounded.
The gnoll barely misses you. The gnoll closely misses you.
You barely miss the gnoll.
The gnoll is moderately wounded.
The gnoll hits you but does no damage. The gnoll misses you.
You closely miss the gnoll.
The gnoll is moderately wounded.
The gnoll hits you but does no damage. The gnoll closely misses you.
You hit the gnoll but do no damage.
The gnoll is moderately wounded.
The gnoll barely misses you.
The gnoll hits you with a +1 flail of holy wrath.
* * * LOW HITPOINT WARNING * * *
Casting: Poisonous Vapours (dangerous; 34% risk of failure)
Confirm with . or Enter, or press ? or * to list all spells.
Aiming: Poisonous Vapours (dangerous; 34% risk of failure)
Press: ? - help, Dir - move target, f - gnoll
Aim: a gnoll, wielding a +1 flail of holy wrath (moderately wounded) Poisonous vapours surround the gnoll!
The gnoll is poisoned.
The gnoll hits you with a +0 flail.
* * * LOW HITPOINT WARNING * * *
The gnoll hits you with a +1 flail of holy wrath.
* * * LOW HITPOINT WARNING * * *
The gnoll attacks as you move away! The gnoll hits you but does no damage.
The gnoll attacks as you move away! The gnoll closely misses you.
The gnoll attacks as you move away! The gnoll barely misses you.
The gnoll attacks as you move away!
The gnoll hits you with a +1 flail of holy wrath!
* * * LOW HITPOINT WARNING * * *
The gnoll looks more healthy.
As you read the scroll of teleportation, it crumbles to dust.
You feel strangely unstable.
The gnoll hits you with a +1 flail of holy wrath.
You die...

... ..... .....####+###
............# #
...........# ..#
...........#######....#
#...$......g@......#
#..........g.......#
#....).............#
#..............#####
#####..............#...#
............########...#
............#..........#
............#..........#
............#....<.....#


You could see 2 gnolls.

Vanquished Creatures
  A scorpion (D:5)
  A jelly (D:4)
  An orc priest (D:4)
  An iguana (D:4)
  An orc wizard (D:4)
  A gnoll (D:5)
  7 adders
  2 river rats (D:4)
  A worm (D:4)
  3 dart slugs
  8 orcs
  8 ball pythons
  7 endoplasms
  5 giant cockroaches
  3 goblins
  6 hobgoblins
  5 kobolds
  3 quokkas
  6 bats
  8 rats
78 creatures vanquished.

Vanquished Creatures (collateral kills)
  A dart slug (D:1)
1 creature vanquished.

Grand Total: 79 creatures vanquished

Notes
Turn   | Place    | Note
-------+----------+-------------------------------------------
     0 | D:1      | croobank the Gnoll Wanderer began the quest for the Orb.
     0 | D:1      | croobank set off with the following items: a +0 dagger, a
                  | scroll of teleportation, a potion of attraction, a +0
                  | leather armour, a tin of tremorstones (2/2); and the
                  | following spell memorised: Animate Skeleton; and the
                  | following spells available to memorise: Vampiric Draining
     0 | D:1      | Reached XP level 1. HP: 13/13 MP: 6/6
   425 | D:1      | Reached XP level 2. HP: 9/20 MP: 7/7
  1735 | D:1      | Reached XP level 3. HP: 22/25 MP: 9/9
  1803 | D:1      | Reached skill level 5 in Spellcasting
  2264 | D:2      | Reached skill level 1 in Invocations
  2593 | D:2      | Learned a level 3 spell: Vampiric Draining
  2870 | D:2      | Reached skill level 1 in Fighting
  2870 | D:2      | Reached skill level 1 in Short Blades
  2870 | D:2      | Reached skill level 1 in Long Blades
  2870 | D:2      | Reached skill level 1 in Axes
  2870 | D:2      | Reached skill level 1 in Maces & Flails
  2870 | D:2      | Reached skill level 1 in Polearms
  2870 | D:2      | Reached skill level 1 in Staves
  2870 | D:2      | Reached skill level 1 in Slings
  2870 | D:2      | Reached skill level 1 in Bows
  2870 | D:2      | Reached skill level 1 in Crossbows
  2870 | D:2      | Reached skill level 1 in Throwing
  2870 | D:2      | Reached skill level 1 in Dodging
  2870 | D:2      | Reached skill level 1 in Stealth
  2870 | D:2      | Reached skill level 1 in Shields
  2870 | D:2      | Reached skill level 1 in Unarmed Combat
  3054 | D:3      | Reached XP level 4. HP: 32/32 MP: 11/11
  3337 | D:3      | Reached skill level 1 in Conjurations
  3337 | D:3      | Reached skill level 1 in Hexes
  3337 | D:3      | Reached skill level 1 in Summonings
  3337 | D:3      | Reached skill level 1 in Translocations
  3337 | D:3      | Reached skill level 1 in Transmutations
  3337 | D:3      | Reached skill level 1 in Fire Magic
  3337 | D:3      | Reached skill level 1 in Ice Magic
  3337 | D:3      | Reached skill level 1 in Air Magic
  3337 | D:3      | Reached skill level 1 in Earth Magic
  3337 | D:3      | Reached skill level 1 in Poison Magic
  3346 | D:3      | Found Fyxiggor's Weapon Emporium.
  3438 | D:3      | Found a faded altar of an unknown god.
  3452 | D:3      | Learned a level 2 spell: Poisonous Vapours
  3742 | D:4      | Reached XP level 5. HP: 23/37 MP: 12/12
  4025 | D:4      | Found a shadowy altar of Dithmenos.
  4060 | D:4      | Gained mutation: Your body sometimes deteriorates upon
                  | taking damage. [potion of mutation]
  4060 | D:4      | Gained mutation: You are agile. (Dex +2) [potion of
                  | mutation]
  4060 | D:4      | Gained mutation: You possess an exceptional clarity of
                  | mind. [potion of mutation]
  4060 | D:4      | Gained mutation: You are somewhat resistant to further
                  | mutation. [potion of mutation]
  4112 | D:4      | Found a sparkling altar of Nemelex Xobeh.
  4504 | D:4      | Reached XP level 6. HP: 29/44 MP: 13/13
  5267 | D:5      | Entered Level 5 of the Dungeon
  5363 | D:5      | Learned a level 1 spell: Slow
  5451 | D:5      | HP: 2/44 [gnoll/+1 flail of holy wrath (7)]
  5453 | D:5      | Slain by a gnoll

Illustrated notes

Levels and vault maps discovered:
D:1:      dpeg_arrival_radiant, layout_loops_corners, serial_forest,
          infiniplex_forest_straight_3, infiniplex_forest_lined_room_3,
          infiniplex_forest_corner_1, infiniplex_forest_zigzag_2,
          infiniplex_forest_clump_small, infiniplex_forest_clump_cross
D:2:      layout_basic
D:3:      layout_basic, ebering_ecumenical_altar_ruins, serial_shops,
          nicolae_shop_hallway_stairs
D:4:      layout_basic, grunt_dithmenos_smoke_and_mirrors, portal_sewer_entry_e,
          minmay_ruined_shrine
D:5:      layout_gridville, nicolae_overflow_hidden_temple, minivault_25

Skill      XL: |  1  2  3  4  5  6 |
---------------+-------------------+-----
Spellcasting   | 5 |  5.4
Invocations    | 1 2 |  2.2
Fighting       | 1 2 |  2.0
Short Blades   | 1 2 |  2.0
Long Blades    | 1 2 |  2.0
Axes           | 1 2 |  2.0
Maces & Flails | 1 2 |  2.0
Polearms       | 1 2 |  2.0
Staves         | 1 2 |  2.0
Slings         | 1 2 |  2.0
Bows           | 1 2 |  2.0
Crossbows      | 1 2 |  2.0
Throwing       | 1 2 |  2.0
Dodging        | 1 2 |  2.0
Stealth        | 1 2 |  2.0
Shields        | 1 2 |  2.0
Unarmed Combat | 1 2 |  2.0
Conjurations   | 1 |  1.6
Hexes          | 1 |  1.6
Summonings     | 1 |  1.6
Translocations | 1 |  1.6
Transmutations | 1 |  1.6
Fire Magic     | 1 |  1.6
Ice Magic      | 1 |  1.6
Air Magic      | 1 |  1.6
Earth Magic    | 1 |  1.6
Poison Magic   | 1 |  1.6
Armour         | 3 |  3.3
Necromancy     | |  7.3
Evocations     | |  6.8

Action                   |  1- 3 |  4- 6 || total
-------------------------+-------+-------++-------
Melee: Dagger            |   163 |   138 ||   301
       Bite              |    16 |     7 ||    23
       Punch             |     1 |     2 ||     3
Throw: Stone             |       |     7 ||     7
 Cast: Animate Skeleton  |     3 |       ||     3
       Vampiric Draining |     1 |       ||     1
       Poisonous Vapours |       |     5 ||     5
       Slow              |       |     1 ||     1
  Use: Scroll            |     5 |     5 ||    10
       Potion            |       |     5 ||     5
 Stab: Distracted        |       |     1 ||     1
Armor: Leather armour    |    49 |     1 ||    50
       Ring mail         |       |    50 ||    50
Dodge: Dodged            |    82 |    69 ||   151

Table legend: (Time is in decaauts)
 A = Elapsed time spent in this place.
 B = Non-inter-level travel time spent in this place.
 C = Inter-level travel time spent in this place.
 D = Time resting spent in this place.
 E = Time spent auto-exploring this place.
 F = Levels seen in this place.
 G = Mean time per level.
                   A        B        C        D        E       F      G
               +--------+--------+--------+--------+--------+-----+--------+
         Total |   5448 |   5352 |     96 |   1070 |   3295 |   5 | 1089.6 |
       Dungeon |   5448 |   5352 |     96 |   1070 |   3295 |   5 | 1089.6 |
               +--------+--------+--------+--------+--------+-----+--------+

Top non-repeatable levels by time:
     D:1: 1988 daAuts
     D:4: 1619 daAuts
     D:2: 1046 daAuts
     D:3: 687 daAuts
     D:5: 106 daAuts
